 Dungeon Crawl Stone Soup version 0.31.0-11-ge490571c62 (webtiles) character file.

Game seed: 14656283377158075091

464 qw the Shooter (level 6, -6/30 HPs)
             Began as a Spriggan Hunter on Feb 3, 2024.
             Was an Initiate of Okawaru.
             Mangled by a scorpion (7 damage)
             ... on level 5 of the Dungeon.
             The game lasted 00:00:11 (3431 turns).

qw the Shooter (Spriggan Hunter)                    Turns: 3431, Time: 00:00:12

Health: -6/30      AC:  2    Str:  5 (7)  XL:     6   Next: 80%
Magic:  7/7        EV: 20    Int:  9 (11) God:    Okawaru [......]
Gold:   237        SH:  0    Dex: 17 (20) Spells: 5/5 levels left

rFire   . . .        a - +1 shortbow (heavy)
rCold   . . .        (shield currently unavailable)
rNeg    . . .        c - +0 robe
rPois   .            (helmet restricted)
rElec   .            g - scarf {repulsion}
rCorr   .            (gloves unavailable)
SInv    +            (boots unavailable)
Will    +....        (no amulet)
Stlth   ++           (no ring)
HPRegen 0.25/turn    (no ring)
MPRegen 0.10/turn

%: repel missiles
@: lethally poisoned (-6 -> -26), about to teleport, very quick
A: very small, no large weapons, unfitting armour, see invisible, speed 3
a: Renounce Religion


You were on level 5 of the Dungeon.
You worshipped Okawaru.
Okawaru was noncommittal.
You visited 1 branch of the dungeon, and saw 5 of its levels.

You collected 237 gold pieces.


Innate Abilities, Weirdness & Mutations

You are very small and have problems with some larger weapons.
You are too small for most types of armour.
You have supernaturally acute eyesight. (SInv)
You cover ground extremely quickly. (Speed+++)


   Skills:
 - Level 2.0 Fighting
 + Level 6.9 Ranged Weapons
 - Level 6.0 Dodging
 - Level 1.5 Stealth


You had 5 spell levels left.
You didn't know any spells.
Your spell library was empty.

Inventory:

Hand Weapons
 a - a +1 heavy shortbow (weapon)
Armour
 c - a +0 robe (worn)
 g - a scarf of repulsion (worn)
Potions
 d - 4 potions of enlightenment
 f - a potion of mutation
 h - a potion of curing
 j - a potion of cancellation {unknown}

Dungeon Overview and Level Annotations

Branches:
Dungeon (5/15)             Temple (0/1) D:4

Altars:
Cheibriados
Dithmenos
Hepliaklqana
Okawaru
Qazlal
Sif Muna
Yredelemnul

Annotations:
D:4 1 runed translucent door, Crazy Yiuf


Message History

You shoot an arrow. The arrow hits the orc!
You kill the orc!
Okawaru accepts your kill.
You shoot an arrow. The arrow hits the scorpion.
The scorpion is moderately wounded.
You shoot an arrow.
The arrow hits the scorpion but does no damage.
The scorpion is moderately wounded.
You shoot an arrow. The arrow barely misses the scorpion.
The scorpion barely misses you.
You shoot an arrow. The arrow hits the scorpion.
The scorpion is moderately wounded.
The scorpion completely misses you. The scorpion misses you.
You shoot an arrow. The arrow hits the scorpion.
The scorpion is heavily wounded.
The scorpion closely misses you. The scorpion misses you.
You shoot an arrow. The arrow closely misses the scorpion.
The scorpion closely misses you. The scorpion misses you.
You shoot an arrow. The arrow closely misses the scorpion.
The scorpion stings you.
You are poisoned.
The scorpion poisons you! The scorpion barely misses you.
You shoot an arrow. The arrow closely misses the scorpion.
You feel very sick. The scorpion closely misses you.
The scorpion stings you but does no damage.
You shoot an arrow. The arrow hits the scorpion!
The scorpion is almost dead.
You feel very sick. The scorpion stings you.
You are lethally poisoned!
The scorpion poisons you! The scorpion stings you!
You are more poisoned.
The scorpion poisons you!
3431 ||| READING scroll of teleportation.
As you read the scroll of teleportation, it crumbles to dust.
You feel strangely unstable.
You feel very sick. The scorpion stings you!
You die...

###..######
......#.........#
.....#.........#
)...#........##
...#........##
..#.........#
#.##.########
#####s##'####..#
#.....@[........
#...............
#..##....##....#
#. #....# ....#
......# ...#
........ ...
.........# ..#
..##....##


You could see a scorpion.

Vanquished Creatures
  A phantom (D:4)
  A howler monkey (D:5)
  A bombardier beetle (D:4)
  2 hounds
  2 jellies
  An orc priest (D:4)
  An orc wizard (D:5)
  5 adders
  A ribbon worm (D:5)
  3 dart slugs
  3 orcs (D:5)
  6 ball pythons
  4 bats
  9 endoplasms
  6 giant cockroaches
  12 goblins
  9 hobgoblins
  4 jackals (D:3)
  3 quokkas
  2 frilled lizards
  8 kobolds
  3 rats
87 creatures vanquished.

Notes
Turn   | Place    | Note
-------+----------+-------------------------------------------
     0 | D:1      | qw the Spriggan Hunter began the quest for the Orb.
     0 | D:1      | Reached XP level 1. HP: 10/10 MP: 2/2
     0 | D:1      | 0 ||| qw: Version: 0.3-a-158-g18b3111
     0 | D:1      | 0 ||| qw: Game counter: 4156
     0 | D:1      | 0 ||| qw: Melee chars always use a shield: true
     0 | D:1      | 0 ||| qw: God list: Okawaru
     0 | D:1      | 0 ||| qw: Allow faded altars: false
     0 | D:1      | 0 ||| qw: Do Orc after clearing Dungeon:15 true
     0 | D:1      | 0 ||| qw: Do second Lair branch before Depths: true
     0 | D:1      | 0 ||| qw: Lair rune preference: random
     0 | D:1      | 0 ||| qw: Goals: Normal
     0 | D:1      | 0 ||| PLANNING D:1-11
    50 | D:1      | Reached skill level 3 in Dodging
    76 | D:1      | Reached XP level 2. HP: 14/14 MP: 3/3
   295 | D:1      | Reached XP level 3. HP: 18/18 MP: 4/4
   589 | D:1      | Found a shimmering blue altar of Sif Muna.
   592 | D:1      | 592 ||| UPGRADING to scarf of repulsion.
   597 | D:1      | 597 ||| READING scroll labelled VAISIX FE WENE.
   698 | D:1      | 698 ||| READING 2 scrolls labelled UROEF IHIW.
   698 | D:1      | 698 ||| IDENTIFYING cyan potion
   699 | D:1      | 699 ||| READING scroll of identify.
   699 | D:1      | 699 ||| IDENTIFYING fizzy inky potion
   700 | D:1      | 700 ||| READING scroll labelled IKLIRE BUOPU.
   700 | D:1      | 700 ||| ENCHANTING +0 shortbow.
   701 | D:1      | 701 ||| DROPPING scroll of butterflies.
  1840 | D:2      | 1840 ||| READING 2 scrolls of identify.
  1840 | D:2      | 1840 ||| IDENTIFYING inky potion
  1841 | D:2      | 1841 ||| READING scroll of identify.
  1841 | D:2      | 1841 ||| IDENTIFYING ruby potion
  1842 | D:2      | 1842 ||| READING scroll labelled YROFYM JYFURHEKE.
  1846 | D:2      | 1846 ||| DROPPING potion of brilliance.
  1847 | D:2      | 1847 ||| DROPPING potion of magic.
  1939 | D:3      | Noticed a water elemental
  1940 | D:3      | Found a stormy altar of Qazlal.
  1949 | D:3      | Noticed an air elemental
  1949 | D:3      | Noticed a fire elemental
  1949 | D:3      | Noticed an earth elemental
  1964 | D:3      | Reached XP level 4. HP: 22/22 MP: 5/5
  2143 | D:3      | Found a snail-covered altar of Cheibriados.
  2368 | D:3      | Found a hazy altar of Hepliaklqana.
  2486 | D:3      | Found a shadowy altar of Dithmenos.
  2518 | D:3      | Found a basalt altar of Yredelemnul.
  2593 | D:3      | Found an iron altar of Okawaru.
  2594 | D:3      | 2594 ||| PLANNING OKAWARU WORSHIP
  2594 | D:3      | 2594 ||| READING scroll of identify.
  2594 | D:3      | 2594 ||| IDENTIFYING yellow potion
  2595 | D:3      | 2595 ||| READING scroll labelled MIRIXU FIWIAF.
  2596 | D:3      | 2596 ||| READING scroll labelled GINOLIM ATIKUD.
  2596 | D:3      | 2596 ||| BRANDING +1 shortbow.
  2600 | D:3      | Became a worshipper of Warmaster Okawaru
  2601 | D:3      | 2601 ||| PLANNING D:1-11
  2677 | D:3      | 2677 ||| READING scroll labelled EMMEANOUXA.
  2677 | D:3      | 2677 ||| ENCHANTING +1 heavy shortbow.
  2710 | D:4      | Found a staircase to the Ecumenical Temple.
  2715 | D:4      | Reached XP level 5. HP: 14/26 MP: 6/6
  3022 | D:4      | Noticed a phantom
  3026 | D:4      | Killed a phantom
  3027 | D:4      | Reached skill level 6 in Ranged Weapons
  3027 | D:4      | Reached XP level 6. HP: 15/30 MP: 7/7
  3234 | D:4      | Found a runed translucent door.
  3235 | D:4      | Noticed Crazy Yiuf
  3286 | D:4      | 3286 ||| READING scroll labelled JUASTR ECUGGUMMY.
  3306 | D:5      | Entered Level 5 of the Dungeon
  3309 | D:5      | Reached skill level 6 in Dodging
  3360 | D:5      | 3360 ||| FLEEEEING.
  3361 | D:5      | 3361 ||| FLEEEEING.
  3363 | D:5      | 3363 ||| FLEEEEING.
  3364 | D:5      | 3364 ||| FLEEEEING.
  3365 | D:5      | 3365 ||| FLEEEEING.
  3366 | D:5      | 3366 ||| FLEEEEING.
  3367 | D:5      | 3367 ||| FLEEEEING.
  3368 | D:5      | 3368 ||| FLEEEEING.
  3369 | D:5      | 3369 ||| FLEEEEING.
  3371 | D:5      | 3371 ||| FLEEEEING.
  3373 | D:5      | 3373 ||| FLEEEEING.
  3374 | D:5      | 3374 ||| FLEEEEING.
  3375 | D:5      | 3375 ||| FLEEEEING.
  3376 | D:5      | 3376 ||| STAIRDANCE
  3394 | D:4      | 3394 ||| DRINKING 2 fuming purple potions.
  3395 | D:4      | 3395 ||| DROPPING potion of degeneration.
  3430 | D:5      | HP: 7/30 [scorpion (7)]
  3431 | D:5      | 3431 ||| READING scroll of teleportation.
  3431 | D:5      | HP: 1/30 [poisoned by a scorpion]
  3431 | D:5      | Mangled by a scorpion

Levels and vault maps discovered:
D:1:      dpeg_arrival_water_altar, layout_basic, st_stairs_10
D:2:      minmay_skewed_foursquare, layout_basic, serial_rivers,
          chequers_serial_rivers_large_a, chequers_serial_rivers_small_3,
          chequers_serial_rivers_room_a, chequers_serial_rivers_small_b
D:3:      layout_basic, lemuel_tele_altar, nicolae_qazlal_style_of_elements,
          nicolae_overflow_quartered_altars, minmay_stone_trees_medium
D:4:      corexii_shack_village, layout_basic, minmay_temple_entry_proselytizer,
          uniq_crazy_yiuf_cottage
D:5:      layout_gridville, minmay_mini_ossuary

Skill      XL: |  1  2  3  4  5  6 |
---------------+-------------------+-----
Dodging        | 3 4 5 6 |  6.0
Ranged Weapons | 5 6 |  6.9
Fighting       | 2 |  2.0
Stealth        | |  1.5

Action                     |  1- 3 |  4- 6 || total
---------------------------+-------+-------++-------
   Fire: Shortbow          |   119 |   100 ||   219
    Use: Scroll            |     7 |     6 ||    13
         Potion            |       |     1 ||     1
 Armour: Robe              |    11 |    18 ||    29
  Dodge: Dodged            |    41 |    41 ||    82

Table legend:
 A = Non-vault XP
 B = Vault XP
 C = Vault XP percentage of total XP
 D = Non-vault monster count
 E = Vault monster count
 F = Vault count percentage of total count
                 A         B        C        D         E       F
            +---------+---------+-------+---------+---------+-------
      Total |     596 |      68 |  10.2 |      71 |      16 |  18.4
            +---------+---------+-------+---------+---------+-------
        D:1 |      49 |       2 |   3.9 |      25 |       1 |   3.8
        D:2 |      25 |      12 |  32.4 |       8 |       7 |  46.7
        D:3 |      94 |       0 |   0.0 |      17 |       0 |   0.0
        D:4 |     226 |      54 |  19.3 |      12 |       8 |  40.0
        D:5 |     202 |       0 |   0.0 |       9 |       0 |   0.0
            +---------+---------+-------+---------+---------+-------
